Senators vs Canadiens

Created - September 13 2007 at 19:14

Simulating a Pre-Season

Goals
1 2 3 T
Senators 0 1 2 3
Canadiens 1 0 0 1
Shots
1 2 3 T
Senators 4 2 7 13
Canadiens 10 6 8 24

Period #1

1. Canadiens , Shane Doan 3 (Mathieu Dandenault, Mark Recchi) at 3:20

Penalities :
Jason Spezza (OTT) for Hooking (Minor) at 0:54, Shane Doan (MTL) for Tripping (Minor) at 7:03, Andrej Meszaros (OTT) for Holding (Minor) at 14:46, Chris Kelly (OTT) for Tripping (Minor) at 16:49

Period #2

2. Senators , Wojtek Wolski 3 (Petr Prucha, Chris Kelly) at 13:42

Penalities :
Sheldon Souray (MTL) for Roughing (Minor) at 0:33, Bobby Holik (MTL) for Interference (Minor) at 5:58, Philippe Boucher (MTL) for Fighting (Major) at 8:11, Andrej Meszaros (OTT) for Fighting (Major) at 8:11, Mark Recchi (MTL) for Fighting (Major) at 8:11, Wojtek Wolski (OTT) for Fighting (Major) at 8:11, Ilya Kovalchuk (MTL) for Fighting (Major) at 8:11, Petr Prucha (OTT) for Fighting (Major) at 8:11, Ilya Kovalchuk (MTL) for Elbowing (Minor) at 8:11, Marek Svatos (OTT) for Cross-checking (Minor) at 8:11, Michael Ryder (MTL) for Delaying the game (Minor) at 8:11, Martin Gelinas (MTL) for Hooking (Minor) at 16:39

Period #3

3. Senators , Antoine Vermette 2 (Wade Redden, Ray Emery) at 7:13
4. Senators , Dany Heatley 6 (Jason Spezza, Jay Bouwmeester) at 11:32

Penalities :
No Penalty

Goalie Stats

Ray Emery (OTT), 23 saves from 24 shots - (0.958), W, 3-1-0, 60:00 minutes
Vesa Toskala (MTL), 10 saves from 13 shots - (0.769), L, 1-1-1, 60:00 minutes

Players Stats

Senators
Player Name              G  A  P  +/- PIM S  H  SB FO MP 
-----------------------------------------------------------
Andrej Meszaros          0  0  0   0  7   0  1  0  0  16 
Antoine Vermette         1  0  1   1  0   2  0  0  19 22 
Anton Volchenkov         0  0  0   1  0   0  3  1  0  21 
Brent Seabrook           0  0  0   0  0   0  0  0  0  2  
Chris Kelly              0  1  1   0  2   3  1  0  15 17 
Christoph Schubert       0  0  0   0  0   0  0  0  0  0  
Dan Boyle                0  0  0   1  0   0  1  1  0  23 
Dany Heatley             1  0  1   1  0   2  1  0  9  23 
Jason Spezza             0  1  1   1  2   0  0  0  17 21 
Jay Bouwmeester          0  1  1   1  0   0  0  3  0  23 
Lee Stempniak            0  0  0   0  0   0  0  0  0  2  
Marek Svatos             0  0  0   1  2   1  0  0  1  17 
Mike Cammalleri          0  0  0   1  0   1  2  0  7  23 
Peter Schaefer           0  0  0   1  0   1  2  1  0  20 
Petr Prucha              0  1  1   0  5   1  4  0  2  17 
Tom Preissing            0  0  0   0  0   0  0  2  0  19 
Wade Redden              0  1  1   1  0   0  0  0  0  21 
Wojtek Wolski            1  0  1   0  5   2  3  0  1  17 
Canadiens
Player Name              G  A  P  +/- PIM S  H  SB FO MP 
-----------------------------------------------------------
Andrei Markov            0  0  0  -1  0   0  0  1  0  16 
Bobby Holik              0  0  0  -2  2   1  1  0  1  12 
Bryan Smolinski          0  0  0  -1  0   1  1  0  16 16 
Craig Rivet              0  0  0  -1  0   1  1  1  0  24 
Ilya Kovalchuk           0  0  0  -1  7   7  1  0  0  17 
Jiri Hudler              0  0  0   0  0   1  0  0  0  12 
Jozef Stumpel            0  0  0   0  0   3  0  0  13 12 
Lubomir Visnovsky        0  0  0  -1  0   2  0  1  0  18 
Mark Recchi              0  1  1  -1  5   3  2  0  16 20 
Martin Gelinas           0  0  0  -1  2   2  0  0  1  20 
Mathieu Dandenault       0  1  1   1  0   0  1  1  0  23 
Michael Ryder            0  0  0  -1  2   1  1  0  1  21 
Philippe Boucher         0  0  0   1  15  0  0  2  0  11 
Saku Koivu               0  0  0  -1  0   0  0  0  14 19 
Shane Doan               1  0  1   0  2   2  0  0  2  11 
Sheldon Souray           0  0  0   0  2   0  1  1  0  24 
Steven Reinprecht        0  0  0   0  0   0  1  0  0  10 
Viktor Kozlov            0  0  0  -1  0   0  3  0  7  21 

3 Stars

1 - Ray Emery (OTT)
2 - Dany Heatley (OTT)
3 - Wojtek Wolski (OTT)

Power Play

Senators - 0 on 5 Attempt(s) - 0.00%
Canadiens - 0 on 3 Attempt(s) - 0.00%

Penalty Kill

Senators - 3 on 3 Attempt(s) - 100.00% - Score 0 goal in Penalty Kill
Canadiens - 5 on 5 Attempt(s) - 100.00% - Score 0 goal in Penalty Kill

Game Notes

General Fight at 8:11 of 2nd period
Philippe Boucher beats up Andrej Meszaros at 8:11 of 2nd period
Philippe Boucher ejected from game at 8:11 of 2nd period
Mark Recchi and Wojtek Wolski fight to a draw at 8:11 of 2nd period
Ilya Kovalchuk beats up Petr Prucha at 8:11 of 2nd period

Play by Play

Period #1

0:01 of 1st period - Mark Recchi wins face-off versus Mike Cammalleri in neutral zone.
0:01 of 1st period - Mark Recchi is hit by Dany Heatley.
0:08 of 1st period - Ilya Kovalchuk is hit by Mike Cammalleri and loses puck.
0:11 of 1st period - Shot by Michael Ryder.
0:11 of 1st period - Shot Misses the Net.
0:13 of 1st period - Shot by Ilya Kovalchuk.
0:13 of 1st period - Stopped by Ray Emery without a rebound.
0:14 of 1st period - Antoine Vermette wins face-off versus Saku Koivu in Senators zone.
0:16 of 1st period - Icing by Wade Redden.
0:17 of 1st period - Saku Koivu wins face-off versus Antoine Vermette in Senators zone.
0:44 of 1st period - Shot by Marek Svatos.
0:44 of 1st period - Shot Misses the Net.
0:48 of 1st period - Shot by Antoine Vermette.
0:48 of 1st period - Stopped by Vesa Toskala without a rebound.
0:49 of 1st period - Mark Recchi wins face-off versus Jason Spezza in Canadiens zone.
0:54 of 1st period - Minor Penalty to Jason Spezza for Hooking.
0:55 of 1st period - Jozef Stumpel wins face-off versus Dany Heatley in Canadiens zone.
1:40 of 1st period - Shot by Lubomir Visnovsky.
1:40 of 1st period - Stopped by Ray Emery without a rebound.
1:41 of 1st period - Dany Heatley wins face-off versus Jozef Stumpel in Senators zone.
1:58 of 1st period - Shot by Michael Ryder.
1:58 of 1st period - Shot Blocked by Jay Bouwmeester.
2:02 of 1st period - Shot by Michael Ryder.
2:02 of 1st period - Shot Blocked by Jay Bouwmeester.
2:04 of 1st period - Shot by Jozef Stumpel.
2:04 of 1st period - Stopped by Ray Emery without a rebound.
2:05 of 1st period - Mike Cammalleri wins face-off versus Bryan Smolinski in Senators zone.
3:06 of 1st period - Shot by Wojtek Wolski.
3:06 of 1st period - Shot Misses the Net.
3:20 of 1st period - Shot by Shane Doan.
3:20 of 1st period - Goal by Shane Doan - Senators : 0 - Canadiens : 1.
3:21 of 1st period - Antoine Vermette wins face-off versus Mark Recchi in neutral zone.
3:26 of 1st period - Philippe Boucher is hit by Anton Volchenkov and loses puck.
3:36 of 1st period - Icing by Philippe Boucher.
3:37 of 1st period - Mark Recchi wins face-off versus Chris Kelly in Canadiens zone.
3:44 of 1st period - Shot by Ilya Kovalchuk.
3:44 of 1st period - Stopped by Ray Emery with a rebound.
3:46 of 1st period - Shot by Ilya Kovalchuk.
3:46 of 1st period - Deflect By Mark Recchi.
3:46 of 1st period - Shot Misses the Net.
4:23 of 1st period - Icing by Viktor Kozlov.
4:24 of 1st period - Saku Koivu wins face-off versus Antoine Vermette in Canadiens zone.
6:42 of 1st period - Icing by Tom Preissing.
6:43 of 1st period - Chris Kelly wins face-off versus Bryan Smolinski in Senators zone.
6:45 of 1st period - Icing by Tom Preissing.
6:46 of 1st period - Shane Doan wins face-off versus Chris Kelly in Senators zone.
7:03 of 1st period - Minor Penalty to Shane Doan for Tripping.
7:04 of 1st period - Jozef Stumpel wins face-off versus Antoine Vermette in Senators zone.
8:11 of 1st period - Shot by Mike Cammalleri.
8:11 of 1st period - Stopped by Vesa Toskala without a rebound.
8:12 of 1st period - Jason Spezza wins face-off versus Jozef Stumpel in Canadiens zone.
8:20 of 1st period - Icing by Mike Cammalleri.
8:21 of 1st period - Jason Spezza wins face-off versus Jozef Stumpel in Senators zone.
8:44 of 1st period - Icing by Jay Bouwmeester.
8:45 of 1st period - Jason Spezza wins face-off versus Jozef Stumpel in Senators zone.
9:10 of 1st period - Shot by Wojtek Wolski.
9:10 of 1st period - Stopped by Vesa Toskala without a rebound.
9:11 of 1st period - Antoine Vermette wins face-off versus Mark Recchi in Canadiens zone.
9:24 of 1st period - Shot by Peter Schaefer.
9:24 of 1st period - Stopped by Vesa Toskala without a rebound.
9:25 of 1st period - Shane Doan wins face-off versus Chris Kelly in Canadiens zone.
9:25 of 1st period - Shane Doan is hit by Chris Kelly.
9:35 of 1st period - Shot by Mark Recchi.
9:35 of 1st period - Stopped by Ray Emery without a rebound.
9:36 of 1st period - Antoine Vermette wins face-off versus Mark Recchi in Senators zone.
9:55 of 1st period - Shot by Ilya Kovalchuk.
9:55 of 1st period - Shot Misses the Net.
9:58 of 1st period - Icing by Marek Svatos.
9:59 of 1st period - Marek Svatos wins face-off versus Saku Koivu in Senators zone.
10:09 of 1st period - Icing by Anton Volchenkov.
10:10 of 1st period - Antoine Vermette wins face-off versus Saku Koivu in Senators zone.
10:15 of 1st period - Craig Rivet is hit by Peter Schaefer and loses puck.
11:07 of 1st period - Icing by Dan Boyle.
11:08 of 1st period - Jason Spezza wins face-off versus Viktor Kozlov in Senators zone.
11:10 of 1st period - Mike Cammalleri is hit by Mark Recchi and loses puck.
11:36 of 1st period - Off-side.
11:37 of 1st period - Saku Koivu wins face-off versus Chris Kelly in neutral zone.
12:46 of 1st period - Icing by Mark Recchi.
12:47 of 1st period - Dany Heatley wins face-off versus Mark Recchi in Canadiens zone.
12:49 of 1st period - Jason Spezza is hit by Ilya Kovalchuk and loses puck.
14:10 of 1st period - Saku Koivu is hit by Anton Volchenkov and loses puck.
14:26 of 1st period - Off-side.
14:27 of 1st period - Mark Recchi wins face-off versus Chris Kelly in neutral zone.
14:27 of 1st period - Ilya Kovalchuk is hit by Andrej Meszaros and loses puck.
14:46 of 1st period - Minor Penalty to Andrej Meszaros for Holding.
14:47 of 1st period - Dany Heatley wins face-off versus Jozef Stumpel in Senators zone.
14:47 of 1st period - Dany Heatley is hit by Steven Reinprecht.
15:25 of 1st period - Icing by Andrei Markov.
15:26 of 1st period - Jozef Stumpel wins face-off versus Mike Cammalleri in Canadiens zone.
15:33 of 1st period - Shot by Lubomir Visnovsky.
15:33 of 1st period - Shot Misses the Net.
15:35 of 1st period - Shot by Lubomir Visnovsky.
15:35 of 1st period - Stopped by Ray Emery with a rebound.
15:56 of 1st period - Shot by Michael Ryder.
15:56 of 1st period - Shot Blocked by Dan Boyle.
15:58 of 1st period - Shot by Bobby Holik.
15:58 of 1st period - Stopped by Ray Emery with a rebound.
16:49 of 1st period - Minor Penalty to Chris Kelly for Tripping.
16:50 of 1st period - Mike Cammalleri wins face-off versus Bryan Smolinski in Canadiens zone.
16:53 of 1st period - Shot by Mike Cammalleri.
16:53 of 1st period - Shot Misses the Net.
17:40 of 1st period - Shot by Jozef Stumpel.
17:40 of 1st period - Stopped by Ray Emery without a rebound.
17:41 of 1st period - Bobby Holik wins face-off versus Dany Heatley in Senators zone.
18:27 of 1st period - Shot by Jozef Stumpel.
18:27 of 1st period - Shot Blocked by Peter Schaefer.
18:29 of 1st period - Shot by Steven Reinprecht.
18:29 of 1st period - Shot Blocked by Jay Bouwmeester.
18:33 of 1st period - Shot by Jozef Stumpel.
18:33 of 1st period - Stopped by Ray Emery without a rebound.
18:34 of 1st period - Mike Cammalleri wins face-off versus Bryan Smolinski in Senators zone.
19:10 of 1st period - Chris Kelly is hit by Mathieu Dandenault and loses puck.

Period #2

0:01 of 2nd period - Mark Recchi wins face-off versus Jason Spezza in neutral zone.
0:14 of 2nd period - Shot by Ilya Kovalchuk.
0:14 of 2nd period - Stopped by Ray Emery without a rebound.
0:15 of 2nd period - Saku Koivu wins face-off versus Antoine Vermette in Senators zone.
0:33 of 2nd period - Minor Penalty to Sheldon Souray for Roughing.
0:34 of 2nd period - Jason Spezza wins face-off versus Jozef Stumpel in Canadiens zone.
1:10 of 2nd period - Icing by Jay Bouwmeester.
1:11 of 2nd period - Jozef Stumpel wins face-off versus Jason Spezza in Senators zone.
2:38 of 2nd period - Shot by Petr Prucha.
2:38 of 2nd period - Shot Blocked by Philippe Boucher.
3:00 of 2nd period - Ilya Kovalchuk is hit by Wojtek Wolski and loses puck.
3:58 of 2nd period - Dany Heatley is hit by Viktor Kozlov and loses puck.
4:16 of 2nd period - Jason Spezza is hit by Craig Rivet and loses puck.
4:32 of 2nd period - Marek Svatos is hit by Viktor Kozlov and loses puck.
5:40 of 2nd period - Icing by Jiri Hudler.
5:41 of 2nd period - Jason Spezza wins face-off versus Bryan Smolinski in Canadiens zone.
5:41 of 2nd period - Jason Spezza is hit by Bobby Holik.
5:58 of 2nd period - Minor Penalty to Bobby Holik for Interference.
5:59 of 2nd period - Jozef Stumpel wins face-off versus Jason Spezza in Canadiens zone.
8:01 of 2nd period - Shot by Chris Kelly.
8:01 of 2nd period - Shot Blocked by Philippe Boucher.
8:05 of 2nd period - Shot by Petr Prucha.
8:05 of 2nd period - Shot Misses the Net.
8:07 of 2nd period - Shot by Chris Kelly.
8:07 of 2nd period - Stopped by Vesa Toskala without a rebound.
8:08 of 2nd period - Mark Recchi wins face-off versus Chris Kelly in Canadiens zone.
8:08 of 2nd period - Mark Recchi is hit by Wojtek Wolski.
8:11 of 2nd period - Philippe Boucher beats up Andrej Meszaros.
8:11 of 2nd period - Penalty to Philippe Boucher for Fighting.
8:11 of 2nd period - Penalty to Andrej Meszaros for Fighting.
8:11 of 2nd period - Philippe Boucher is ejected from game.
8:11 of 2nd period - Mark Recchi and Wojtek Wolski fight to a draw.
8:11 of 2nd period - Penalty to Mark Recchi for Fighting.
8:11 of 2nd period - Penalty to Wojtek Wolski for Fighting.
8:11 of 2nd period - Ilya Kovalchuk beats up Petr Prucha.
8:11 of 2nd period - Penalty to Ilya Kovalchuk for Fighting.
8:11 of 2nd period - Penalty to Petr Prucha for Fighting.
8:11 of 2nd period - Minor Penalty to Ilya Kovalchuk for Elbowing.
8:11 of 2nd period - Minor Penalty to Marek Svatos for Cross-checking.
8:11 of 2nd period - Minor Penalty to Michael Ryder for Delaying the game.
8:12 of 2nd period - Bryan Smolinski wins face-off versus Chris Kelly in neutral zone.
9:14 of 2nd period - Icing by Jay Bouwmeester.
9:15 of 2nd period - Jozef Stumpel wins face-off versus Dany Heatley in Senators zone.
9:26 of 2nd period - Off-side.
9:27 of 2nd period - Mike Cammalleri wins face-off versus Bryan Smolinski in neutral zone.
10:03 of 2nd period - Icing by Jiri Hudler.
10:04 of 2nd period - Dany Heatley wins face-off versus Bryan Smolinski in Canadiens zone.
13:05 of 2nd period - Shot by Saku Koivu.
13:05 of 2nd period - Deflect By Michael Ryder.
13:05 of 2nd period - Shot Misses the Net.
13:07 of 2nd period - Shot by Martin Gelinas.
13:07 of 2nd period - Stopped by Ray Emery without a rebound.
13:08 of 2nd period - Bryan Smolinski wins face-off versus Dany Heatley in Senators zone.
13:15 of 2nd period - Shot by Michael Ryder.
13:15 of 2nd period - Deflect By Mark Recchi.
13:15 of 2nd period - Stopped by Ray Emery with a rebound.
13:23 of 2nd period - Viktor Kozlov is hit by Petr Prucha and loses puck.
13:38 of 2nd period - Shot by Petr Prucha.
13:38 of 2nd period - Deflect By Chris Kelly.
13:38 of 2nd period - Shot Misses the Net.
13:42 of 2nd period - Shot by Wojtek Wolski.
13:42 of 2nd period - Goal by Wojtek Wolski - Senators : 1 - Canadiens : 1.
13:43 of 2nd period - Wojtek Wolski wins face-off versus Mark Recchi in neutral zone.
13:46 of 2nd period - Shot by Lee Stempniak.
13:46 of 2nd period - Shot Misses the Net.
14:02 of 2nd period - Shot by Ilya Kovalchuk.
14:02 of 2nd period - Shot Misses the Net.
14:31 of 2nd period - Viktor Kozlov is hit by Peter Schaefer and loses puck.
14:40 of 2nd period - Shot by Saku Koivu.
14:40 of 2nd period - Shot Misses the Net.
14:44 of 2nd period - Shot by Martin Gelinas.
14:44 of 2nd period - Stopped by Ray Emery with a rebound.
14:46 of 2nd period - Shot by Viktor Kozlov.
14:46 of 2nd period - Shot Misses the Net.
14:48 of 2nd period - Shot by Craig Rivet.
14:48 of 2nd period - Stopped by Ray Emery without a rebound.
14:49 of 2nd period - Jason Spezza wins face-off versus Viktor Kozlov in Senators zone.
15:39 of 2nd period - Icing by Peter Schaefer.
15:40 of 2nd period - Bryan Smolinski wins face-off versus Antoine Vermette in Senators zone.
15:42 of 2nd period - Ilya Kovalchuk is hit by Anton Volchenkov and loses puck.
16:13 of 2nd period - Chris Kelly is hit by Michael Ryder and loses puck.
16:39 of 2nd period - Minor Penalty to Martin Gelinas for Hooking.
16:40 of 2nd period - Dany Heatley wins face-off versus Jozef Stumpel in Canadiens zone.
17:01 of 2nd period - Shot by Jason Spezza.
17:01 of 2nd period - Shot Misses the Net.
17:03 of 2nd period - Shot by Jason Spezza.
17:03 of 2nd period - Shot Misses the Net.
17:05 of 2nd period - Shot by Jay Bouwmeester.
17:05 of 2nd period - Shot Misses the Net.
17:07 of 2nd period - Shot by Jason Spezza.
17:07 of 2nd period - Shot Blocked by Lubomir Visnovsky.
17:09 of 2nd period - Shot by Dany Heatley.
17:09 of 2nd period - Shot Misses the Net.
17:11 of 2nd period - Shot by Mike Cammalleri.
17:11 of 2nd period - Shot Misses the Net.
17:31 of 2nd period - Shot by Wade Redden.
17:31 of 2nd period - Shot Misses the Net.
17:33 of 2nd period - Shot by Peter Schaefer.
17:33 of 2nd period - Shot Misses the Net.
17:35 of 2nd period - Shot by Marek Svatos.
17:35 of 2nd period - Shot Blocked by Andrei Markov.
18:13 of 2nd period - Shot by Jiri Hudler.
18:13 of 2nd period - Shot Misses the Net.
18:17 of 2nd period - Shot by Jiri Hudler.
18:17 of 2nd period - Stopped by Ray Emery with a rebound.
18:24 of 2nd period - Icing by Jay Bouwmeester.
18:25 of 2nd period - Jason Spezza wins face-off versus Bryan Smolinski in Senators zone.
18:25 of 2nd period - Jason Spezza is hit by Sheldon Souray.
18:44 of 2nd period - Icing by Craig Rivet.
18:45 of 2nd period - Chris Kelly wins face-off versus Mark Recchi in Canadiens zone.
19:14 of 2nd period - Shot by Ilya Kovalchuk.
19:14 of 2nd period - Shot Blocked by Tom Preissing.
19:18 of 2nd period - Shot by Ilya Kovalchuk.
19:18 of 2nd period - Shot Hit the Post.
19:48 of 2nd period - Icing by Chris Kelly.
19:49 of 2nd period - Chris Kelly wins face-off versus Viktor Kozlov in Senators zone.

Period #3

0:01 of 3rd period - Mike Cammalleri wins face-off versus Mark Recchi in neutral zone.
0:04 of 3rd period - Shot by Dan Boyle.
0:04 of 3rd period - Shot Blocked by Mathieu Dandenault.
1:10 of 3rd period - Icing by Anton Volchenkov.
1:11 of 3rd period - Viktor Kozlov wins face-off versus Antoine Vermette in Senators zone.
1:12 of 3rd period - Shot by Shane Doan.
1:12 of 3rd period - Stopped by Ray Emery without a rebound.
1:13 of 3rd period - Chris Kelly wins face-off versus Saku Koivu in Senators zone.
1:51 of 3rd period - Icing by Saku Koivu.
1:52 of 3rd period - Antoine Vermette wins face-off versus Saku Koivu in Canadiens zone.
2:36 of 3rd period - Icing by Sheldon Souray.
2:37 of 3rd period - Saku Koivu wins face-off versus Jason Spezza in Canadiens zone.
3:23 of 3rd period - Shot by Ilya Kovalchuk.
3:23 of 3rd period - Stopped by Ray Emery without a rebound.
3:24 of 3rd period - Chris Kelly wins face-off versus Mark Recchi in Senators zone.
3:41 of 3rd period - Shot by Mark Recchi.
3:41 of 3rd period - Shot Misses the Net.
3:45 of 3rd period - Shot by Ilya Kovalchuk.
3:45 of 3rd period - Stopped by Ray Emery with a rebound.
3:51 of 3rd period - Shot by Ilya Kovalchuk.
3:51 of 3rd period - Stopped by Ray Emery without a rebound.
3:52 of 3rd period - Antoine Vermette wins face-off versus Bryan Smolinski in Senators zone.
3:59 of 3rd period - Shot by Marek Svatos.
3:59 of 3rd period - Stopped by Vesa Toskala without a rebound.
4:00 of 3rd period - Viktor Kozlov wins face-off versus Antoine Vermette in Canadiens zone.
4:09 of 3rd period - Shot by Bryan Smolinski.
4:09 of 3rd period - Shot Blocked by Anton Volchenkov.
5:10 of 3rd period - Ilya Kovalchuk is hit by Mike Cammalleri and loses puck.
5:55 of 3rd period - Shot by Chris Kelly.
5:55 of 3rd period - Stopped by Vesa Toskala without a rebound.
5:56 of 3rd period - Mark Recchi wins face-off versus Chris Kelly in Canadiens zone.
6:21 of 3rd period - Michael Ryder is hit by Petr Prucha and loses puck.
6:27 of 3rd period - Icing by Andrej Meszaros.
6:28 of 3rd period - Saku Koivu wins face-off versus Chris Kelly in Senators zone.
6:29 of 3rd period - Shot by Bryan Smolinski.
6:29 of 3rd period - Stopped by Ray Emery without a rebound.
6:30 of 3rd period - Saku Koivu wins face-off versus Antoine Vermette in Senators zone.
7:13 of 3rd period - Shot by Antoine Vermette.
7:13 of 3rd period - Goal by Antoine Vermette - Senators : 2 - Canadiens : 1.
7:14 of 3rd period - Jason Spezza wins face-off versus Bryan Smolinski in neutral zone.
7:41 of 3rd period - Shot by Bryan Smolinski.
7:41 of 3rd period - Deflect By Mark Recchi.
7:41 of 3rd period - Stopped by Ray Emery without a rebound.
7:42 of 3rd period - Petr Prucha wins face-off versus Martin Gelinas in Senators zone.
7:58 of 3rd period - Bryan Smolinski is hit by Petr Prucha and loses puck.
8:17 of 3rd period - Bryan Smolinski is hit by Wojtek Wolski and loses puck.
9:16 of 3rd period - Shot by Michael Ryder.
9:16 of 3rd period - Stopped by Ray Emery without a rebound.
9:17 of 3rd period - Antoine Vermette wins face-off versus Viktor Kozlov in Senators zone.
9:48 of 3rd period - Shot by Antoine Vermette.
9:48 of 3rd period - Shot Misses the Net.
9:50 of 3rd period - Shot by Antoine Vermette.
9:50 of 3rd period - Shot Misses the Net.
10:47 of 3rd period - Shot by Chris Kelly.
10:47 of 3rd period - Deflect By Petr Prucha.
10:47 of 3rd period - Stopped by Vesa Toskala without a rebound.
10:48 of 3rd period - Jason Spezza wins face-off versus Saku Koivu in Canadiens zone.
11:08 of 3rd period - Jason Spezza is hit by Viktor Kozlov and loses puck.
11:15 of 3rd period - Shot by Mike Cammalleri.
11:15 of 3rd period - Shot Misses the Net.
11:32 of 3rd period - Shot by Dany Heatley.
11:32 of 3rd period - Goal by Dany Heatley - Senators : 3 - Canadiens : 1.
11:33 of 3rd period - Antoine Vermette wins face-off versus Bryan Smolinski in neutral zone.
11:33 of 3rd period - Antoine Vermette is hit by Bryan Smolinski.
13:38 of 3rd period - Off-side.
13:39 of 3rd period - Bryan Smolinski wins face-off versus Antoine Vermette in neutral zone.
13:48 of 3rd period - Shot by Ilya Kovalchuk.
13:48 of 3rd period - Stopped by Ray Emery without a rebound.
13:49 of 3rd period - Michael Ryder wins face-off versus Jason Spezza in Senators zone.
13:49 of 3rd period - Ilya Kovalchuk is hit by Dan Boyle and loses puck.
14:10 of 3rd period - Shot by Jason Spezza.
14:10 of 3rd period - Shot Misses the Net.
14:12 of 3rd period - Shot by Dany Heatley.
14:12 of 3rd period - Stopped by Vesa Toskala with a rebound.
15:17 of 3rd period - Shot by Antoine Vermette.
15:17 of 3rd period - Shot Blocked by Sheldon Souray.
15:20 of 3rd period - Icing by Sheldon Souray.
15:21 of 3rd period - Saku Koivu wins face-off versus Petr Prucha in Canadiens zone.
15:21 of 3rd period - Viktor Kozlov is hit by Petr Prucha and loses puck.
15:26 of 3rd period - Shot by Wojtek Wolski.
15:26 of 3rd period - Shot Misses the Net.
15:30 of 3rd period - Shot by Andrej Meszaros.
15:30 of 3rd period - Shot Blocked by Craig Rivet.
15:32 of 3rd period - Shot by Chris Kelly.
15:32 of 3rd period - Stopped by Vesa Toskala without a rebound.
15:33 of 3rd period - Mark Recchi wins face-off versus Chris Kelly in Canadiens zone.
16:41 of 3rd period - Shot by Bobby Holik.
16:41 of 3rd period - Shot Blocked by Tom Preissing.
18:57 of 3rd period - Off-side.
18:58 of 3rd period - Antoine Vermette wins face-off versus Bryan Smolinski in neutral zone.
18:58 of 3rd period - Peter Schaefer is hit by Mark Recchi and loses puck.
19:02 of 3rd period - Off-side.
19:03 of 3rd period - Jason Spezza wins face-off versus Viktor Kozlov in neutral zone.
19:28 of 3rd period - Shot by Mike Cammalleri.
19:28 of 3rd period - Shot Misses the Net.


Output by the SimonT Hockey Simulator (STHS) for Stephane Roy -- Original Page W3C XHTML 1.0 Valid